 Dungeon Crawl Stone Soup version 0.20-a0-899-g09a9bfb (webtiles) character file.

0 theanonym the Sneak (level 1, 0/10 HPs)
             Began as a Spriggan Assassin on Mar 18, 2017.
             Slain by an ooze (4 damage)
             ... on level 1 of the Dungeon.
             The game lasted 00:00:18 (73 turns).

theanonym the Sneak (Spriggan Assassin)               Turns: 73, Time: 00:00:19

Health: 0/10       AC:  3    Str:  7    XL:     1   Next: 8%
Magic:  2/2        EV: 17    Int: 12    God:
Gold:   7          SH:  0    Dex: 17    Spells: 0/0 levels left

rFire    . . .     SeeInvis +   a - +2 dagger
rCold    . . .     Gourm    .   c - +0 robe
rNeg     . . .     Faith    .   (shield restricted)
rPois    .         Spirit   .   (helmet restricted)
rElec    .         Reflect  .   d - +0 cloak
rCorr    .         Harm     .   (gloves unavailable)
MR       .....                  (boots unavailable)
Stlth    +++.......             (no amulet)
Regen    0.1/turn               (no ring)
MPRegen  0.1/turn               (no ring)

@: very quick
A: unfitting armour, see invisible, herbivore 3, speed 3, slow metabolism 2
a: no special abilities


You were on level 1 of the Dungeon.
You were not hungry.

You visited 1 branch of the dungeon, and saw 1 of its levels.

You collected 7 gold pieces.

Inventory:

Hand Weapons
 a - a +2 dagger (weapon)
 b - a +0 blowgun
Missiles
 e - 8 poisoned needles
 f - 2 curare-tipped needles
Armour
 c - a +0 robe (worn)
 d - a +0 cloak (worn)
Potions
 h - a potion of agility {unknown}
Comestibles
 g - a bread ration {@e1}


   Skills:
 - Level 1.5 Fighting
 + Level 2.2 Short Blades
 - Level 2.0 Throwing
 + Level 1.5 Dodging
 + Level 5.8 Stealth


You couldn't memorise any spells.
You didn't know any spells.

Dungeon Overview and Level Annotations

Branches:
Dungeon (1/15)

Altars:


Innate Abilities, Weirdness & Mutations

You are very small and have problems with some larger weapons.
You are too small for most types of armour.
You have supernaturally acute eyesight. (SInv)
You are a herbivore.
You cover ground extremely quickly.
You need consume almost no food.


Message History

Welcome, theanonym the Spriggan Assassin.
It is said that the Orb of Zot exists deep within this dungeon.
Found 7 gold pieces.
Found a staircase leading out of the dungeon.
A kobold comes into view. It is wielding a short sword.
The kobold throws a stone.
The stone hits you but does no damage.
You see here a stone.
The kobold throws a stone.
The stone misses you.
The kobold throws a stone.
The stone misses you. The kobold barely misses you.
You hit the kobold but do no damage. The kobold hits you with a short sword.
You take 1 damage, and have 9/10 hp.
You hit the kobold.
You kill the kobold!
No target in view!
No target in view!
You now have 7 gold pieces.
h - a bubbling golden potion No target in view!
An ooze comes into view.
Health restored: 10 An ooze is nearby!
The ooze quivers.
The ooze hits you.
You take 4 damage, and have 6/10 hp.
MASSIVE DAMAGE!!
You hit the ooze. The ooze closely misses you.
You barely miss the ooze. The ooze hits you.
You take 1 damage, and have 5/10 hp.
You hit the ooze. You hit the ooze. The ooze closely misses you.
You hit the ooze. The ooze barely misses you.
You hit the ooze but do no damage. The ooze closely misses you.
You hit the ooze. The ooze completely misses you.
You hit the ooze. The ooze hits you.
You take 1 damage, and have 4/10 hp.
You hit the ooze but do no damage. The ooze misses you.
You hit the ooze but do no damage. The ooze hits you.
You die...

############
...........########
###..........@J...#
#.###....######.#
#.##.......#
#####......###.#
#..........# .#
##.###.#....# #
...# #.##......
##.###.###...##
.......# ##..#


You could see an ooze.

Vanquished Creatures
  A kobold (D:1)
1 creature vanquished.

Notes
Turn   | Place    | Note
-------+----------+-------------------------------------------
     0 | D:1      | theanonym the Spriggan Assassin began the quest for the Orb.
     0 | D:1      | Reached XP level 1. HP: 10/10 MP: 2/2
    73 | D:1      | Slain by an ooze

Vault maps used:
D:1:      moated_graveyard_arrival

Action                   || total
-------------------------++-------
Melee: Dagger            ||    12
Armor: Robe              ||     1
Dodge: Dodged            ||     9

Vault maps used:
D:1:      moated_graveyard_arrival

Table legend:
 A = Turns spent in this place as a percentage of turns spent in the entire game.
 B = Non-inter-level travel turns spent in this place as a percentage of non-inter-level travel turns spent in the entire game.
 C = Inter-level travel turns spent in this place as a percentage of turns spent in this place.
 D = Turns resting spent in this place as a percentage of non-inter-level travel turns spent in this place.
 E = Turns spent auto-exploring this place as a percentage of non-inter-level travel turns spent in this place.
 F = Non-inter-level travel turns spent in this place divided by the number of levels of this place that you've seen.
                   A       B       C       D       E      F
               +-------+-------+-------+-------+-------+----------------------
         Total | 100.0 | 100.0 |   0.0 |   0.0 |  10.3 |  29.0
       Dungeon | 100.0 | 100.0 |   0.0 |   0.0 |  10.3 |  29.0
               +-------+-------+-------+-------+-------+----------------------

Table legend:
 A = Kills in this place as a percentage of kills in entire the game.
 B = Kills by you in this place as a percentage of kills by you in the entire game.
 C = Kills by friends in this place as a percentage of kills by friends in the entire game.
 D = Other kills in this place as a percentage of other kills in the entire game.
 E = Experience gained in this place as a percentage of experience gained in the entire game.
 F = Experience gained in this place divided by the number of levels of this place that you have seen.
                   A       B       C       D       E      F
               +-------+-------+-------+-------+-------+----------------------
         Total | 100.0 | 100.0 |  -nan |  -nan | 100.0 |   1.0
       Dungeon | 100.0 | 100.0 |  -nan |  -nan | 100.0 |   1.0
               +-------+-------+-------+-------+-------+----------------------
